 Dungeon Crawl Stone Soup version 0.30-a0-465-g8901f6c8b5 (webtiles) character file.

Game seed: 9173198088223200993

200115 cforsyth the Warrior (level 17, -10/174 HPs)
             Began as an Armataur Gladiator on Dec 19, 2022.
             Was the Champion of Okawaru.
             Mangled by a goliath frog (20 damage)
             ... called by a spriggan druid
             ... on level 2 of the Swamp.
             The game lasted 01:29:14 (48714 turns).

cforsyth the Warrior (Armataur Gladiator)          Turns: 48714, Time: 01:29:15

Health: -10/174    AC: 38    Str: 26    XL:     17   Next: 86%
Magic:  26/26      EV:  2    Int: 15    God:    Okawaru [******]
Gold:   506        SH: 23    Dex: 14    Spells: 28/28 levels left

rFire   + + .      SeeInvis .    b - +8 autumn katana {vorpal, manifold assault}
rCold   + + +      Faith    .    H - +1 tower shield {reflect}
rNeg    . . .      Spirit   .    Y - +3 gold dragon scales "Secsocy" {rPois rF+ rC+ Slay+2}
rPois   +          Reflect  +    u - +4 hat of Daucufy {rC++ Str+4}
rElec   .          Harm     .    N - +0 cloak {Stlth+}
rCorr   +          Roll     +    W - +1 pair of gloves {Str+3}
Will    ++...                    U - +3 barding "Wyplimox" {rF+ Will+}
Stlth   ..........               p - amulet of reflection
HPRegen 0.49/turn                j - ring of poison resistance
MPRegen 0.20/turn                R - ring of the Tempest {rCorr AC+4}

@: about to teleport, corroded
A: large, rugged brown scales 3, deformed body, armoured tail, roll, long
tongue, awkward tongue
}: 1/15 runes: serpentine
a: Renounce Religion, Heroism, Finesse, Duel


You were on level 2 of the Swamp.
You worshipped Okawaru.
Okawaru was exalted by your worship.
You visited 6 branches of the dungeon, and saw 29 of its levels.
You also visited: Gauntlet.

You collected 3125 gold pieces.
You spent 2619 gold pieces at shops.

Inventory:

Hand Weapons
 b - the +8 autumn katana (weapon) {vorpal, manifold assault}
   (You took it off Joseph on level 8 of the Dungeon)

   It sometimes launches melee attacks against multiple visible enemies.
 G - a +1 morningstar
Missiles
 c - 10 silver javelins
 d - 4 throwing nets (quivered)
 S - 3 silver boomerangs
Armour
 u - the +4 hat of Daucufy (worn) {rC++ Str+4}
   (Okawaru gifted it to you on level 14 of the Dungeon)

   Str:       It affects your strength (+4).
   rC:        It greatly protects you from cold.
 H - a +1 tower shield of reflection (worn)
 N - a +0 cloak of stealth (worn)
 T - a +0 kite shield of positive energy
 U - the +3 barding "Wyplimox" (worn) {rF+ Will+}
   (Okawaru gifted it to you on level 13 of the Dungeon)

   rF:        It protects you from fire.
   Will:      It increases your willpower.
 W - a +1 pair of gloves of strength (worn)
 Y - the +3 gold dragon scales "Secsocy" (worn) {rPois rF+ rC+ Slay+2}
   (You bought it in a shop on level 3 of the Dungeon)

   Slay:      It affects your accuracy & damage with ranged weapons and melee
   (+2).
   rF:        It protects you from fire.
   rC:        It protects you from cold.
   rPois:     It protects you from poison.
Jewellery
 j - a ring of poison resistance (left hand)
 p - an amulet of reflection (around neck)
 v - the ring "Enied" {rF- rC+ rN++}
   (You found it on level 3 of the Dungeon)

   [ring of protection from cold]

   rF:        It makes you vulnerable to fire.
   rC:        It protects you from cold.
   rN:        It greatly protects you from negative energy.
 D - a ring of protection from cold
 I - the ring "Ydeo" {Fire rPois Str+9 Dex-2}
   (You found it on level 1 of the Swamp)

   [ring of fire]

   It enhances your fire magic.
   Str:       It affects your strength (+9).
   Dex:       It affects your dexterity (-2).
   rF:        It protects you from fire.
   rC:        It makes you vulnerable to cold.
   rPois:     It protects you from poison.
 R - the ring of the Tempest (right hand) {rCorr AC+4}
   (You found it on level 5 of the Dungeon)

   [ring of protection]

   AC:        It affects your AC (+4).
   rCorr:     It protects you from acid and corrosion.
 V - the ring "Kiadebb" {Fly Int+2}
   (You found it in a Gauntlet)

   [ring of flight]

   Int:       It affects your intelligence (+2).
   Fly:       It grants you flight.
Wands
 a - a wand of flame (37)
 g - a wand of quicksilver (5)
 i - a wand of polymorph (1)
 o - a wand of digging (13)
 t - a wand of mindburst (21)
Scrolls
 k - 4 scrolls of enchant armour
 n - 2 scrolls of vulnerability
 q - 3 scrolls of fear
 s - 2 scrolls of poison
 w - 9 scrolls of immolation
 y - 5 scrolls of amnesia
 z - 10 scrolls of teleportation
 A - a scroll of torment
 B - 6 scrolls of enchant weapon
 C - 9 scrolls of identify
 F - 4 scrolls of fog
 L - a scroll of silence
 O - 3 scrolls of magic mapping
Potions
 e - a potion of experience
 f - 10 potions of curing
 h - 2 potions of resistance
 l - a potion of invisibility
 m - 6 potions of haste
 r - 3 potions of lignification
 x - 7 potions of mutation
 E - 10 potions of brilliance
 K - 7 potions of berserk rage
 M - a potion of heal wounds
 P - 5 potions of flight
 Q - a potion of ambrosia
 X - 2 potions of magic


   Skills:
 + Level 17.8 Fighting
 - Level 12.0 Long Blades
 - Level 8.6 Maces & Flails
 - Level 8.0 Throwing
 + Level 15.2 Armour
 - Level 5.0 Dodging
 + Level 12.2 Shields
 + Level 6.3 Spellcasting
 + Level 6.8 Translocations
 - Level 4.0 Air Magic


You had 28 spell levels left.
You didn't know any spells.
Your spell library contained the following spells:

 Spells                   Type           Power      Damage    Failure   Level
 Vhi's Electric Charge    Tloc/Air       42%        N/A       98%         3
 Freeze                   Ice            16%        1d4       100%        1
 Magic Dart               Conj           16%        1d3       100%        1
 Slow                     Hex            16%        N/A       100%        1
 Ensorcelled Hibernation  Hex/Ice        8%         N/A       100%        2
 Static Discharge         Conj/Air       20%        2-3/arc   100%        2
 Frozen Ramparts          Ice            8%         1d2       100%        3
 Hailstorm                Conj/Ice       4%         3d4       100%        3
 Mephitic Cloud           Conj/Pois/Air  8%         N/A       100%        3
 Spider Form              Tmut/Pois      4%         N/A       100%        3
 Stone Arrow              Conj/Erth      8%         3d7       100%        3
 Airstrike                Air            8%         2d(2-18)  100%        4
 Fulminant Prism          Conj/Hex       2%         3d5       100%        4
 Manifold Assault         Tloc           25%        N/A       100%        4
 Olgreb's Toxic Radiance  Pois           4%         N/A       100%        4
 Passage of Golubria      Tloc           25%        N/A       100%        4
 Petrify                  Tmut/Erth      4%         N/A       100%        4
 Arcjolt                  Conj/Air       5%         1d15      100%        5
 Lightning Bolt           Conj/Air       5%         1d17      100%        5
 Metabolic Englaciation   Hex/Ice        2%         N/A       100%        5
 Silence                  Hex/Air        5%         N/A       100%        5
 Dispersal                Tloc           12%        N/A       100%        6
 Statue Form              Tmut/Erth      2%         N/A       100%        6
 Orb of Destruction       Conj           2%         9d5       100%        7
 Disjunction              Tloc           12%        N/A       100%        8
 Lehudib's Crystal Spear  Conj/Erth      2%         10d2      100%        8
 Call Imp                 Summ           Unusable   N/A       N/A         2
 Summon Guardian Golem    Hex/Summ       Unusable   N/A       N/A         3
 Animate Dead             Necr           Unusable   N/A       N/A         4
 Summon Ice Beast         Ice/Summ       Unusable   N/A       N/A         4
 Simulacrum               Ice/Necr       Unusable   N/A       N/A         6
 Spellforged Servitor     Conj/Summ      Unusable   N/A       N/A         7

Dungeon Overview and Level Annotations

Branches:
Dungeon (15/15)            Temple (1/1) D:5            Lair (5/5) D:8
  Swamp (2/4) Lair:3        Snake (4/4) Lair:2        Slime (0/5) Lair:4
    Orc (2/2) D:11            Elf (0/3) Orc:2        Vaults (0/5) D:13
 Depths (0/4) D:15        Gauntlet (visited)

Altars:
Ashenzari
Cheibriados
Dithmenos
Elyvilon
Fedhas
Gozag
Hepliaklqana
Kikubaaqudgha
Makhleb
Nemelex Xobeh
Okawaru
Qazlal
Ru
Sif Muna
Trog
Uskayaw
Vehumet
Wu Jian
Xom
Yredelemnul
Zin
The Shining One
Jiyva
Lugonu

Shops:
D:3 [   D:6 *   D:7 *   D:9 (?   Orc:2 (![*   Snake:2 (*[

Portals:
Abyss: Lair:5


Innate Abilities, Weirdness & Mutations

You are completely covered in rugged brown scales. (AC +3, +7% HP)
Armour fits poorly on your strangely shaped body.
You have a long armoured tail.
You roll when moving toward enemies. (Rampage)
Your long tongue fully drains potion bottles. (2x potion effects)
Your tongue gives you trouble enunciating. (1.5x scroll delay)


Message History

You slice the spriggan druid!!
With its final breath, the spriggan druid offers up its power to the beasts of the wild!
The tyrant leech seems to grow more fierce.
The alligator seems to grow more fierce.
The goliath frog seems to grow more fierce.
You kill the spriggan druid!
Okawaru accepts your kill.
The foxfire hits you but does no damage.
The goliath frog hits you but does no damage.
You block the alligator's attack. x2; You block the tyrant leech's attack.
The foxfire hits you. You resist.
Training target 4.0 for Air Magic reached!
Your Air Magic skill increases to level 4!
You slash the alligator!
The alligator is lightly wounded.
The goliath frog hits you from afar!!
* * * LOW HITPOINT WARNING * * *
The acid corrodes you!
You are splashed with acid.
You resist.
* * * LOW HITPOINT WARNING * * *
The alligator bites you!!
* * * LOW HITPOINT WARNING * * *
You block the alligator's attack. You block the tyrant leech's attack.
You hit the alligator.
The alligator is lightly wounded.
The goliath frog hits you from afar!
* * * LOW HITPOINT WARNING * * *
You are splashed with acid.
You resist.
* * * LOW HITPOINT WARNING * * *
You block the alligator's attack.
The alligator tail-slaps you but does no damage.
The will-o-the-wisp gestures.
The will-o-the-wisp conjures some foxfire! 2 foxfires come into view.
Blink to where?
Press: ? - help, Dir - move target As you slowly read the scroll of blinking, it crumbles to dust.
The foxfire moves out of view. x2
As you slowly read the scroll of teleportation, it crumbles to dust.
You feel strangely unstable. The goliath frog hits you from afar!!
You die...

...~~~......~§.♣.~..
.....)...~~~~.♣♣~~♣~
♣.~.....~~~~~.♣ ♣♣
♣.♣♣.~~.~~~~~♣♣
♣.♣~......♣♣♣♣
♣....♣....♣
♣♣♣♣♣...♣♣♣ ≈♣♣♣♣..♣♣
.. ....♣♣♣@♣♣♣♣♣
.♣.♣♣♣♣......§§~~♣
.....≈♣♣♣♣F.~..~~♣♣
♣♣♣ ♣.[.....~..~~.~♣
♣♣♣~~~♣♣♣♣...~~....~♣♣
..........t♣♣....♣♣♣♣
....~.../w).....~♣
.~~~~♣...v♣..~..♣♣
.~.. ♣♣.~~~~§~..♣


You could see an alligator (strong, swift), a tyrant leech (strong), a goliath
frog (strong) and a will-o-the-wisp.

Vanquished Creatures
  Jorgrun (D:12)
  The ghost of Soawkar the Warrior, an adept GrFi of Okawaru (Snake:1)
  2 quicksilver dragons (Snake:3)
  Gastronok (D:8)
  Kirke (D:15)
  A thorn hunter (Swamp:1)
  4 nagarajas
  5 ghouls
  2 orc warlords
  An ironbound preserver (D:13)
  A stone giant (D:12)
  Nessos (Lair:3)
  3 eleionomae
  A minotaur (Gauntlet)
  A bunyip (Swamp:2)
  2 ettins (Orc:2)
  A great orb of eyes (Gauntlet)
  3 salamander tyrants
  A catoblepas (Lair:5)
  A ghost crab (Swamp:1)
  6 hydras
  6 alligators
  6 centaur warriors
  5 two-headed ogres
  4 boulder beetles
  12 anacondas
  7 naga warriors
  2 tengu warriors
  A dancing weapon (Snake:1)
  12 naga sharpshooters
  7 shock serpents
  2 thrashing horrors (Lair:5)
  3 orc high priests (Orc:2)
  Amaemon (Lair:3)
  A soul eater (Gauntlet)
  Nergalle (Orc:1)
  Sonja (D:13)
  3 skeletal warriors (D:15)
  5 salamander mystics
  6 sea snakes (Snake:3)
  2 goliath frogs
  13 bog bodies
  A spriggan druid (Swamp:2)
  4 naga ritualists
  Pikel (D:6)
  A harpy (shapeshifter) (D:15)
  6 mana vipers
  3 deep elf pyromancers
  4 orc knights
  18 ugly things
  A wolf spider (D:15)
  6 cyclopes
  5 orc sorcerers
  A will-o-the-wisp (Swamp:2)
  4 manticores
  8 elephants
  15 salamanders
  A moth of wrath (shapeshifter) (D:15)
  13 naga magi
  7 guardian serpents
  Joseph (D:8)
  39 black mambas
  Maurice (D:12)
  2 smoke demons (Lair:5)
  An unseen horror (D:11)
  2 torpor snails
  12 cane toads
  Maggie (D:8)
  An orange demon (Lair:3)
  A gargoyle (D:13)
  4 rime drakes
  A yaktaur (shapeshifter) (Lair:5)
  14 komodo dragons
  2 ancient zymes (Lair:5)
  3 kobold demonologists
  12 trolls
  A polar bear (Lair:4)
  Prince Ribbit (D:8)
  38 blink frogs
  A wolf spider simulacrum (D:14)
  Grinder (D:3)
  2 hornets
  10 slime creatures
  4 tyrant leeches (Swamp:1)
  11 dream sheep
  4 spriggans
  2 vampires (D:12)
  5 wraiths
  6 wyverns
  3 hogs (D:15)
  5 water elementals (D:15)
  34 yaks
  2 shadows
  A culicivora (shapeshifter) (Lair:5)
  3 large abominations (Lair:5)
  3 humans (D:15)
  The ghost of sirJeffrey23 the Trooper, an amateur DsFi (D:6)
  2 steam dragons (D:8)
  6 basilisks
  10 vampire mosquitoes
  2 chaos spawn (Lair:5)
  Menkaure (D:5)
  3 wargs
  4 acid dragons
  29 nagas
  6 swamp worms
  18 water moccasins
  25 orc warriors
  A sky beast (D:8)
  An ice beast (shapeshifter) (Lair:5)
  The ghost of yumyumyeen the Cudgeller, an amateur MiMo (D:3)
  4 black bears
  The ghost of Taurus the Covered, an amateur MiFi (D:4)
  3 ogres
  15 wolves
  6 centaurs
  10 small abominations (Lair:5)
  A phantom (D:6)
  16 kobold brigands
  7 bullfrogs
  8 necrophages
  2 gnoll sergeants
  A scorpion (D:6)
  5 wights (D:8)
  10 killer bees
  5 howler monkeys
  10 electric eels
  6 jellies
  5 quasits (D:6)
  14 orc priests
  4 hounds
  6 iguanas
  22 orc wizards
  2 hound zombies (D:4)
  13 gnolls
  9 adders
  5 shadow imps
  3 white imps
  A worm (D:2)
  2 dart slugs (D:3)
  76 orcs
  10 ball pythons
  6 bats
  An endoplasm (D:4)
  2 giant cockroaches
  5 goblins
  11 hobgoblins
  3 jackals (D:5)
  62 kobolds
  2 quokkas (D:2)
  3 frilled lizards
  7 kobold skeletons (D:11)
  11 kobold zombies (D:11)
  8 rats
  A spectral hobgoblin (D:5)
  A briar patch (Swamp:1)
988 creatures vanquished.

Vanquished Creatures (others)
  A nagaraja (Snake:4)
  A bunyip (Swamp:2)
  A naga warrior (Snake:4)
  2 bloated husks
  A naga (Snake:3)
  An orc (Orc:2)
  6 foxfires (Swamp:2)
  42 fungi
  79 plants
  8 toadstools (Swamp:1)
142 creatures vanquished.

Grand Total: 1130 creatures vanquished

Notes
Turn   | Place    | Note
-------+----------+-------------------------------------------
     0 | D:1      | cforsyth the Armataur Gladiator began the quest for the
                  | Orb.
     0 | D:1      | Reached XP level 1. HP: 18/18 MP: 1/1
    57 | D:1      | Reached skill level 2 in Fighting
   101 | D:1      | Reached XP level 2. HP: 25/25 MP: 2/2
   185 | D:1      | Reached skill level 1 in Armour
  1069 | D:2      | Reached XP level 3. HP: 31/31 MP: 3/3
  1535 | D:3      | Found Cocaehic's Antique Armour Emporium.
  1562 | D:3      | Identified the ring "Enied" {rF- rC+ rN++}
  1585 | D:3      | Found a snail-covered altar of Cheibriados.
  1728 | D:3      | Reached XP level 4. HP: 39/39 MP: 4/4
  1747 | D:3      | Found a runed translucent door.
  1756 | D:3      | Noticed yumyumyeen's ghost (amateur MiMo)
  2330 | D:4      | Noticed Grinder
  2477 | D:4      | Paralysed by Grinder for 3 turns
  2484 | D:3      | Paralysed by Grinder for 4 turns
  2656 | D:4      | Reached skill level 3 in Fighting
  2750 | D:4      | Found a runed translucent gate.
  2750 | D:4      | Found a runed translucent gate.
  2750 | D:4      | Found a runed translucent gate.
  2750 | D:4      | Noticed Taurus's ghost (amateur MiFi)
  2752 | D:4      | Found a basalt altar of Yredelemnul.
  2752 | D:4      | Noticed an ogre
  2760 | D:4      | Killed an ogre
  2761 | D:4      | Reached XP level 5. HP: 48/48 MP: 5/5
  2793 | D:4      | Killed Taurus's ghost
  2794 | D:4      | Reached XP level 6. HP: 5/55 MP: 6/6
  3442 | D:4      | Reached skill level 4 in Fighting
  3890 | D:5      | Entered Level 5 of the Dungeon
  4152 | D:4      | Reached XP level 7. HP: 59/63 MP: 7/7
  4207 | D:5      | Reached skill level 5 in Armour
  4264 | D:5      | Found a hazy altar of Hepliaklqana.
  4336 | D:5      | Identified the +3 dagger "Pamo" {holy, *Noise rCorr Int+4}
  4339 | D:5      | Found a staircase to the Ecumenical Temple.
  4435 | D:5      | Reached skill level 5 in Maces & Flails
  4465 | Temple   | Entered the Ecumenical Temple
  4763 | D:5      | Noticed Menkaure
  4777 | D:5      | Killed Menkaure
  5111 | D:5      | Reached skill level 5 in Fighting
  5131 | D:5      | Noticed a troll
  5151 | D:5      | Killed a troll
  5152 | D:5      | Reached XP level 8. HP: 30/72 MP: 8/8
  5982 | D:6      | Reached skill level 1 in Shields
  6192 | D:6      | Found Zin's Purification Station.
  6194 | D:6      | Found a glowing silver altar of Zin.
  6518 | D:6      | Reached skill level 6 in Fighting
  6655 | D:6      | Found a transporter.
  6665 | D:6      | Noticed sirJeffrey23's ghost (amateur DsFi)
  6694 | D:6      | Found a transporter.
  6781 | D:6      | Reached XP level 9. HP: 71/80 MP: 9/9
  7375 | D:3      | Killed yumyumyeen's ghost
  7468 | D:3      | Killed Grinder
  7690 | D:7      | Identified the +2 robe of the Will of the Gods {rPois rC-
                  | Int+5 Dex+3}
  7990 | D:7      | Noticed Pikel
  8016 | D:6      | Killed Pikel
  8154 | D:7      | Found Ewiw's Overcharged Wands.
  8181 | D:7      | Reached skill level 7 in Fighting
  8381 | D:7      | Reached skill level 5 in Shields
  9041 | D:8      | Noticed Prince Ribbit
  9073 | D:8      | Killed Prince Ribbit
  9362 | D:3      | Bought a runed helmet for 210 gold pieces
  9484 | D:8      | Noticed Gastronok
  9499 | D:8      | Noticed Maggie
  9506 | D:8      | Killed Gastronok
  9507 | D:8      | Reached XP level 10. HP: 50/94 MP: 10/10
  9548 | D:8      | Found a stormy altar of Qazlal.
  9548 | D:8      | Found an ancient bone altar of Kikubaaqudgha.
  9548 | D:8      | Found a shadowy altar of Dithmenos.
  9554 | D:8      | Found a staircase to the Lair.
  9563 | Lair:1   | Entered Level 1 of the Lair of Beasts
  9847 | D:8      | Reached skill level 10 in Armour
  9892 | D:8      | Reached skill level 8 in Fighting
  9980 | D:8      | Noticed Joseph
 10127 | D:8      | Killed Joseph
 10350 | D:8      | Killed Maggie
 10351 | D:8      | Reached skill level 1 in Long Blades
 10880 | D:9      | Found an iron altar of Okawaru.
 11377 | D:9      | Found Lalafaun's Magic Scroll Shop.
 11377 | D:9      | Found Ekedilumo's Antique Weapon Shop.
 11725 | D:9      | Found an ornate altar of the Wu Jian Council.
 11725 | D:9      | Found a sacrificial altar of Ru.
 12103 | D:10     | Entered Level 10 of the Dungeon
 12206 | D:10     | Noticed a two-headed ogre
 12220 | D:10     | Killed a two-headed ogre
 12221 | D:10     | Reached skill level 9 in Fighting
 12221 | D:10     | Reached XP level 11. HP: 33/103 MP: 11/11
 12613 | D:10     | Found a bloodstained altar of Trog.
 12651 | D:10     | Noticed a two-headed ogre
 12657 | D:10     | Killed a two-headed ogre
 12814 | D:10     | Noticed a two-headed ogre
 12819 | D:10     | Killed a two-headed ogre
 13086 | D:9      | Became a worshipper of Warmaster Okawaru
 13845 | D:11     | Noticed a boulder beetle
 13885 | D:11     | Killed a boulder beetle
 13885 | D:11     | Reached * piety under Okawaru
 14438 | D:11     | Found a staircase to the Orcish Mines.
 14508 | D:11     | Reached skill level 5 in Long Blades
 14527 | D:11     | Found an ancient bone altar of Kikubaaqudgha.
 14538 | D:11     | Reached skill level 10 in Fighting
 14957 | D:12     | Noticed Maurice
 14966 | D:12     | Reached ** piety under Okawaru
 14984 | D:12     | Killed Maurice
 15128 | D:12     | Noticed a cyan ugly thing
 15135 | D:12     | Killed a cyan ugly thing
 15426 | D:12     | Reached *** piety under Okawaru
 15945 | D:12     | Noticed Jorgrun
 15966 | D:12     | Killed Jorgrun
 15966 | D:12     | Reached **** piety under Okawaru
 15967 | D:12     | Reached XP level 12. HP: 36/115 MP: 9/12
 16184 | D:12     | Reached skill level 11 in Fighting
 16286 | D:12     | Noticed an orc warlord
 16793 | Lair:1   | Reached ***** piety under Okawaru
 17999 | Lair:1   | Reached skill level 12 in Fighting
 18220 | Lair:2   | Found a staircase to the Snake Pit.
 19739 | Lair:3   | Reached XP level 13. HP: 107/126 MP: 13/13
 19977 | Lair:3   | Reached ****** piety under Okawaru
 20083 | Lair:3   | Received a gift from Okawaru
 20258 | Lair:3   | Noticed Nessos
 20484 | Lair:3   | Found a staircase to the Swamp.
 20517 | Lair:3   | Identified the ring of Koeluex {Ice rN+}
 20517 | Lair:3   | Noticed Amaemon
 20543 | Lair:3   | Killed Amaemon
 21100 | Lair:4   | Got the Directory of Lethal Cold
 21485 | Lair:4   | Found a viscous altar of Jiyva.
 21511 | Lair:4   | Found a staircase to the Slime Pits.
 21770 | Lair:5   | Entered Level 5 of the Lair of Beasts
 21783 | Lair:4   | Reached skill level 10 in Long Blades
 21831 | Lair:4   | Reached skill level 13 in Fighting
 22195 | Lair:5   | Identified the +1 flail of the Vestibule of Hell {vamp, Fly
                  | rPois} (Okawaru gifted it to you on level 5 of the Lair of
                  | Beasts)
 22195 | Lair:5   | Received a gift from Okawaru
 22805 | Lair:5   | Reached skill level 10 in Shields
 23099 | Lair:5   | Received a gift from Okawaru
 23192 | Lair:5   | Received a gift from Okawaru
 23340 | Lair:5   | Reached XP level 14. HP: 90/138 MP: 14/14
 24218 | Lair:5   | Reached skill level 14 in Fighting
 24526 | Lair:5   | Received a gift from Okawaru
 24904 | Lair:5   | Found a corrupted altar of Lugonu.
 24904 | Lair:5   | Found a one-way gate to the infinite horrors of the Abyss.
 25261 | Orc:1    | Entered Level 1 of the Orcish Mines
 25781 | Orc:2    | Entered Level 2 of the Orcish Mines
 25813 | Orc:1    | Noticed Nergalle
 26095 | Orc:1    | Killed Nergalle
 26540 | Orc:2    | Paralysed by an orc sorcerer for 2 turns
 26560 | Orc:2    | Noticed an orc warlord
 26582 | Orc:1    | Killed an orc warlord
 26582 | Orc:1    | Received a gift from Okawaru
 26802 | Orc:2    | Reached skill level 15 in Fighting
 27168 | Orc:2    | Found a staircase to the Elven Halls.
 28129 | Orc:2    | Found Qaky's Assorted Antiques.
 28129 | Orc:2    | Found Amyleuh's Antique Weapon Boutique.
 28131 | Orc:2    | Found Wurarime's Antique Armour Emporium.
 28131 | Orc:2    | Found Tuuqael's Distillery.
 28137 | Orc:2    | Bought a scroll labelled OPUBOO JEMOFUMN for 29 gold pieces
 28465 | D:6      | Killed sirJeffrey23's ghost
 28907 | D:13     | Identified the +3 barding "Wyplimox" {rF+ Will+} (Okawaru
                  | gifted it to you on level 13 of the Dungeon)
 28907 | D:13     | Received a gift from Okawaru
 28950 | D:13     | Reached skill level 16 in Fighting
 29335 | D:13     | Noticed Sonja
 29342 | D:13     | Killed Sonja
 29414 | D:13     | Reached XP level 15. HP: 154/154 MP: 15/15
 29600 | D:13     | Found a gate to the Vaults.
 29836 | D:13     | Reached skill level 1 in Spellcasting
 29905 | D:14     | Identified the +1 pair of boots of the Cobbler {rElec rF+}
 29923 | D:14     | Found a gate leading to a gauntlet.
 29932 | Gauntlet | Entered a Gauntlet
 29932 | Gauntlet | Found a transporter.
 29932 | Gauntlet | Found a transporter.
 30100 | Gauntlet | Found a transporter.
 30103 | Gauntlet | Found a transporter.
 30116 | Gauntlet | Found a transporter.
 30120 | Gauntlet | Found a transporter.
 30131 | Gauntlet | Found a transporter.
 30144 | Gauntlet | Found a transporter.
 30161 | Gauntlet | Found a transporter.
 30165 | Gauntlet | Found a transporter.
 30180 | Gauntlet | Found a transporter.
 30183 | Gauntlet | Found a transporter.
 30247 | Gauntlet | Identified the ring "Kiadebb" {Fly Int+2}
 30610 | Gauntlet | Identified the +6 chain mail of Fozxuzoso {rC+ Str+4}
 30641 | Gauntlet | Got the Cyclopedia of Fey Earth
 31014 | D:14     | Identified the +4 hat of Daucufy {rC++ Str+4} (Okawaru
                  | gifted it to you on level 14 of the Dungeon)
 31014 | D:14     | Received a gift from Okawaru
 31100 | D:14     | Found an ornate altar of the Wu Jian Council.
 31294 | D:15     | Entered Level 15 of the Dungeon
 31776 | D:15     | Noticed Kirke
 31802 | D:15     | Killed Kirke
 32120 | D:15     | Found a staircase to the Depths.
 32685 | Snake:1  | Entered Level 1 of the Snake Pit
 33373 | D:12     | Identified the +5 halberd of Gizxun {vorpal, Fly rC- rN+
                  | Str+2}
 34123 | D:5      | Identified the ring of the Tempest {rCorr AC+4}
 34522 | D:3      | Bought distressingly furry gold dragon scales for 2380 gold
                  | pieces
 34522 | D:3      | Identified the +3 gold dragon scales "Secsocy" {rPois rF+
                  | rC+ Slay+2} (You bought it in a shop on level 3 of the
                  | Dungeon)
 34753 | Lair:3   | Killed Nessos
 34754 | Lair:3   | Reached skill level 5 in Throwing
 34854 | Snake:1  | Identified the +2 leather armour of the Hidden Vale {rN+}
 35539 | Snake:1  | Found a runed translucent door.
 35541 | Snake:1  | Found a shimmering altar of Xom.
 35541 | Snake:1  | Noticed Soawkar's ghost (adept GrFi)
 35558 | Snake:1  | Reached XP level 16. HP: 124/162 MP: 19/22
 35573 | Snake:1  | Identified the +2 robe of Okawaru's Approval {rC- rN+
                  | Will+} (Okawaru gifted it to you on level 1 of the Snake
                  | Pit)
 35573 | Snake:1  | Received a gift from Okawaru
 35586 | Snake:1  | Killed Soawkar's ghost
 35978 | Snake:1  | Got the Secrets of Baneful Fog
 36342 | Snake:2  | Reached skill level 1 in Translocations
 36618 | Snake:2  | Found Qapt's Weapon Emporium.
 36618 | Snake:2  | Found Heacsubroro's General Store.
 36625 | Snake:2  | Reached skill level 5 in Dodging
 36629 | Snake:2  | Found Pophohuwa's Antique Armour Emporium.
 38191 | Snake:2  | Reached skill level 5 in Spellcasting
 39221 | Snake:3  | Reached skill level 17 in Fighting
 39243 | Snake:3  | Received a gift from Okawaru
 39812 | Snake:3  | Received a gift from Okawaru
 40132 | Snake:3  | Received a gift from Okawaru
 40539 | Snake:4  | Entered Level 4 of the Snake Pit
 40551 | Snake:4  | Received a gift from Okawaru
 42173 | Snake:3  | Reached skill level 5 in Translocations
 42683 | Snake:3  | Reached XP level 17. HP: 156/172 MP: 24/24
 43307 | Snake:3  | Reached skill level 15 in Armour
 43310 | Snake:4  | Identified the +1 robe of the Ward {rElec Will+ Int-5}
                  | (Okawaru gifted it to you on level 4 of the Snake Pit)
 43310 | Snake:4  | Received a gift from Okawaru
 44183 | Snake:4  | Reached skill level 1 in Air Magic
 45061 | Snake:4  | Noticed a quicksilver dragon
 45062 | Snake:4  | Noticed a quicksilver dragon
 45529 | Snake:3  | Killed a quicksilver dragon
 45850 | Snake:3  | Killed a quicksilver dragon
 46808 | Snake:4  | Got a serpentine rune of Zot
 46974 | Swamp:1  | Entered Level 1 of the Swamp
 47427 | Swamp:1  | Identified the ring "Ydeo" {Fire rPois Str+9 Dex-2}
 48131 | Swamp:1  | Received a gift from Okawaru
 48439 | Swamp:2  | Identified the +8 demon trident "Xaphido" {venom, Fragile
                  | Will+ Str+3 SInv} (Okawaru gifted it to you on level 2 of
                  | the Swamp)
 48439 | Swamp:2  | Received a gift from Okawaru
 48712 | Swamp:2  | HP: 8/174 [acid[a spriggan druid] (5)]
 48714 | Swamp:2  | Mangled by a goliath frog

Illustrated notes

Levels and vault maps discovered:
D:1:      erik_arrival_cave_to_civilisation [erik_arrival_cave_to_hall],
          layout_loops_ring, minmay_door_square
D:2:      layout_rooms
D:3:      layout_loops_ring, mainiacjoe_overflow_boulevard, serial_shops,
          nicolae_shop_hallway_plus, ebering_ghost_sewer_d
D:4:      layout_basic, nicolae_yredelemnul_ghost_church, uniq_grinder
D:5:      cheibrodos_two_vegetables, layout_cave_pools,
          nicolae_hepliaklqana_monster_ancestors,
          minmay_temple_entry_stoned_glass, uniq_menkaure
D:6:      nicolae_cairo_tiling_large_dashed, layout_layer_cave, zin_purify,
          gammafunk_ghost_stat_death, dreamdust_gnoll_farm
D:7:      layout_loops_ring, nicolae_shop_overcharged_wands, uniq_pikel
D:8:      minmay_clustersquares, layout_basic,
          gammafunk_temple_overflow_forgotten, lair_entry_dummy, uniq_joseph,
          uniq_maggie, uniq_prince_ribbit1, uniq_gastronok
D:9:      layout_small_grid, mainiacjoe_overflow_small_starburst,
          gammafunk_temple_overflow_wave, chequers_serial_rivers_micro_e,
          nicolae_wooded_promenade, nicolae_kite_square_tiling_tiny,
          nicolae_figureground_sparkle
D:10:     layout_roguey, mainiacjoe_overflow_chevrons
D:11:     wander_kiku_kobolds, layout_long_grid, orc_0_dummy, grunt_decor_cap
D:12:     minmay_the_grid_3x3 [minmay_the_grid_outer_circle,
          minmay_the_grid_minigrid_small, minmay_the_grid_armoury,
          minmay_the_grid_plusring, minmay_the_grid_paths,
          minmay_the_grid_empty, minmay_the_grid_all_tris,
          minmay_the_grid_eight, minmay_the_grid_prize_inner_circle],
          layout_loops_ring, minivault_26, chequers_serial_rivers_large_b,
          uniq_maurice, uniq_jorgrun
D:13:     layout_irregular_city, skrybe_vaults_entry_preservation, uniq_sonja
D:14:     layout_rooms, solitary_fountain, gauntlet_entry_generic,
          nicolae_wu_jian_wuxing_cycle
D:15:     hangedman_depths_entry_try_elsewhere_first, layout_basic,
          minmay_misc_feat_five, uniq_kirke
Temple:   bh_familiar_temple
Lair:1:   layout_regular_city, chequers_serial_rivers_small_a
Lair:2:   layout_long_grid, minmay_snake_entry_six_corridors,
          serial_bayou_pond_b
Lair:3:   layout_loops_ring, minmay_swamp_entry_reptiles, wad_woods_road_05,
          grunt_megastairs_2, serial_bayou_shore_b, uniq_amaemon, uniq_nessos
Lair:4:   layout_big_grid, slime_entry_1
Lair:5:   hellmonk_lair_end_abyssal_woods, layout_misc_corridors,
          infiniplex_staircase_pool, grunt_megastairs_5
Swamp:1:  cheibrodos_swamp_tower_of_moss, layout_falls_marsh,
          nicolae_swamp_little_swirl, swamp_pool1, nicolae_swamp_snake_nest
Swamp:2:  layout_basic_swamp, hangedman_swamp_lotus, hangedman_swamp_ravenous
Snake:1:  layout_grid_maze, ebering_ghost_xom
Snake:2:  layout_onion, nicolae_snake_gridmaze_squiggle, minmay_shop_star
Snake:3:  layout_onion, serial_bayou, serial_bayou_pond_e, serial_bayou_pond_c,
          serial_bayou_ford_a, serial_bayou_pond_c, hangedman_snake_corridor_cut
Snake:4:  hellmonk_snake_rune_quicksilver_temple, layout_onion
Orc:1:    layout_caves, guppyfry_library_mini, uniq_nergalle
Orc:2:    grunt_orc_tribal_feast, layout_caves, basic_altar

Skill      XL: |  1  2  3  4  5  6  7  8  9 10 11 12 13 14 15 16 17 |
---------------+----------------------------------------------------+-----
Fighting       | 2 3 4 5 6 7 9 10 12 13 16 17 | 17.8
Armour         | 1 2 3 4 6 7 9 11 12 13 14 15 | 15.2
Maces & Flails | 3 4 5 6 8 |  8.6
Shields        | 3 5 7 10 11 12 | 12.2
Long Blades    | 2 6 9 10 12 | 12.0
Throwing       | 2 5 7 8 |  8.0
Spellcasting   | 4 5 6 |  6.3
Dodging        | 4 5 |  5.0
Translocations | 5 6 |  6.8
Air Magic      | 4 |  4.0

Action                   |  1- 3 |  4- 6 |  7- 9 | 10-12 | 13-15 | 16-18 || total
-------------------------+-------+-------+-------+-------+-------+-------++-------
Melee: Flail             |   127 |   153 |   424 |       |       |       ||   704
       Tailslap          |     4 |    19 |    61 |   118 |   298 |   206 ||   706
       Punch             |     2 |     2 |     2 |       |       |       ||     6
       Morningstar       |       |       |    17 |   175 |    35 |    15 ||   242
       Katana            |       |       |       |   635 |  1821 |  1151 ||  3607
Invok: Heroism           |       |       |       |     1 |     1 |     3 ||     5
  Use: Scroll            |       |     7 |     4 |    12 |     3 |     8 ||    34
       Potion            |       |     2 |     6 |     6 |     3 |     6 ||    23
 Stab: Distracted        |       |       |       |       |     1 |       ||     1
       Invisible         |       |       |       |       |     4 |       ||     4
Armor: Leather armour    |    11 |       |       |       |       |       ||    11
       Chain mail        |   110 |   116 |   339 |   420 |   451 |       ||  1436
       Skin              |       |       |     8 |       |       |       ||     8
       Plate armour      |       |       |       |     3 |   504 |       ||   507
       Gold dragon scale |       |       |       |       |    32 |   715 ||   747
Dodge: Dodged            |    34 |    27 |    87 |   101 |   162 |    37 ||   448
Block: Other             |    12 |    40 |    32 |       |       |       ||    84
       Reflection        |       |     1 |     2 |    12 |    45 |   146 ||   206
       Buckler           |       |       |   164 |   280 |       |       ||   444
       Kite shield       |       |       |       |   142 |  1135 |   102 ||  1379
       Tower shield      |       |       |       |       |       |  1076 ||  1076

Table legend: (Time is in decaauts)
 A = Elapsed time spent in this place.
 B = Non-inter-level travel time spent in this place.
 C = Inter-level travel time spent in this place.
 D = Time resting spent in this place.
 E = Time spent auto-exploring this place.
 F = Levels seen in this place.
 G = Mean time per level.
                   A        B        C        D        E       F      G
               +--------+--------+--------+--------+--------+-----+--------+
         Total |  48361 |  44724 |   3637 |  13289 |  23441 |  30 | 1612.0 |
       Dungeon |  22329 |  19781 |   2548 |   3757 |  12237 |  15 | 1488.6 |
        Temple |    240 |    210 |     30 |      0 |    207 |   1 |  240.0 |
          Lair |   8634 |   7949 |    685 |   1373 |   5125 |   5 | 1726.8 |
         Swamp |   1684 |   1668 |     16 |    380 |    882 |   2 |  842.0 |
     Snake Pit |  11678 |  11425 |    253 |   6286 |   3738 |   4 | 2919.5 |
  Orcish Mines |   2898 |   2795 |    103 |   1152 |   1038 |   2 | 1449.0 |
      Gauntlet |    895 |    895 |      0 |    339 |    214 |   1 |  895.0 |
               +--------+--------+--------+--------+--------+-----+--------+

Top non-repeatable levels by time:
 Snake:3: 6809 daAuts
    D:12: 2699 daAuts
  Lair:5: 2670 daAuts
     D:5: 2363 daAuts
 Snake:2: 2155 daAuts
     D:4: 2008 daAuts
     D:6: 1963 daAuts
  Lair:1: 1892 daAuts
     D:8: 1889 daAuts
   Orc:1: 1783 daAuts
    D:11: 1690 daAuts
     D:9: 1642 daAuts
    D:10: 1592 daAuts
 Snake:1: 1498 daAuts
  Lair:3: 1454 daAuts
